 Dungeon Crawl Stone Soup version 0.32-a0-612-g1c984fe9d1 (webtiles) character file.

Game seed: 6287392811470384730

1204 ezpacito the Trooper (level 8, -15/63 HPs)
             Began as a Coglin Chaos Knight on Mar 4, 2024.
             Was a Plaything of Xom.
             Demolished by a sleepcap (20 damage)
             ... on level 6 of the Dungeon.
             The game lasted 00:07:13 (3953 turns).

ezpacito the Trooper (Coglin Chaos Knight)          Turns: 3953, Time: 00:07:14

Health: -15/63     AC:  5    Str: 14    XL:     8   Next: 45%
Magic:  8/8        EV:  2    Int: 12    God:    Xom [......]
Gold:   110        SH:  0    Dex: 14    Spells: 7/7 levels left

rFire   + . .        a - +3 hand axe (chaos) {Dietrich}
rCold   + . .        f - +1 flail (protect) {Tlalli}
rNeg    . . .        o - +1 leather armour {rPois}
rPois   +            (no helmet)
rElec   +            b - +0 cloak {rCorr}
rCorr   +            (no gloves)
SInv    .            (no boots)
Will    .....        (amulet unavailable)
Stlth   ++           (ring unavailable)
HPRegen 0.30/turn    (ring unavailable)
MPRegen 0.11/turn    (no gizmo)

%: no passive effects
@: mighty, resistant, sleeping, hasted
A: off-hand wielding, slow wielding, warmup strikes, no jewellery, mutation
resistance 1, inability to drink after injury 1, MP-powered wands
a: Invent Gizmo, Renounce Religion


You were on level 6 of the Dungeon.
You worshipped Xom.
You were a very special plaything of Xom.
You visited 1 branch of the dungeon, and saw 6 of its levels.
You also visited: Ossuary.

You collected 312 gold pieces.
You spent 202 gold pieces at shops.

Inventory:

Hand Weapons
 a - a +3 hand axe of chaos (weapon) {Dietrich}
 f - a +1 flail of protection (offhand) {Tlalli}
Missiles
 k - 7 boomerangs
 u - 2 poisoned darts
Armour
 b - a +0 cloak of preservation (worn)
 j - a +0 chain mail
 o - a +1 leather armour of poison resistance (worn)
Scrolls
 g - 4 scrolls of noise
 m - a scroll of amnesia
Potions
 c - a potion of magic {unknown}
 e - 3 potions of brilliance
 i - a potion of cancellation
 l - a potion of attraction {unknown}
 s - a potion of invisibility {unknown}
 x - a potion of enlightenment {unknown}


   Skills:
 * Level 5.4 Fighting
 * Level 5.2(5.5) Axes
 + Level 2.4(3.9) Polearms
 * Level 4.3 Armour
 * Level 4.0 Dodging
 + Level 2.4 Stealth


You had 7 spell levels left.
You didn't know any spells.
Your spell library contained the following spells:

 Spells                   Type           Power      Damage    Failure   Level
 Apportation              Tloc           0%         N/A       38%         1
 Magic Dart               Conj           0%         1d3       38%         1
 Necrotise                Necr           0%         1d4       38%         1
 Sandblast                Erth           0%         2d4       38%         1
 Sting                    Conj/Alch      0%         1d3       38%         1
 Summon Small Mammal      Summ           0%         N/A       38%         1
 Jinxbite                 Hex            0%         N/A       52%         2
 Lesser Beckoning         Tloc           0%         N/A       52%         2
 Searing Ray              Conj           0%         2d4       52%         2
 Gell's Gravitas          Tloc           0%         N/A       77%         3
 Inner Flame              Hex/Fire       0%         N/A       77%         3
 Ozocubu's Armour         Ice            0%         N/A       77%         3
 Teleport Other           Tloc           0%         N/A       77%         3
 Cause Fear               Hex            0%         N/A       99%         4
 Flame Wave               Conj/Fire      0%         2d4       99%         4
 Fulminant Prism          Conj/Alch      0%         3d5       99%         4
 Sticky Flame             Fire/Alch      0%         2d4       99%         4
 Alistair's Intoxication  Alch           0%         N/A       100%        5
 Fireball                 Conj/Fire      0%         3d3       100%        5
 Ozocubu's Refrigeration  Ice            0%         4d7       100%        7
 Dragon's Call            Summ           0%         N/A       100%        9


Dungeon Overview and Level Annotations

Branches:
Dungeon (6/15)            Ossuary (visited)
 Temple: D:4-7

Altars:
Okawaru
Ru
Uskayaw
Xom

Shops:
D:4 [=(=

Annotations:
D:5 3 runed translucent doors, hgbash's ghost, novice DrSh


Innate Abilities, Weirdness & Mutations

You can wield a second weapon in your off-hand.
It takes a long time for you to wield or remove held weapons.
Your first few attacks do less damage.
You cannot equip rings or amulets.
You are somewhat resistant to further mutation.
You occasionally lose the ability to drink potions when taking damage.
You expend magic power (3 MP) to strengthen your wands.


Message History

You take 13 damage, and have 8/62 hp.
MASSIVE DAMAGE!!
You slash Menkaure with your +3 hand axe of chaos!
You destroy Menkaure!
Xom gives a demonstration of destructive might.
The gnoll sergeant is outlined in light.
The gnoll is outlined in light. x2; The gnoll sergeant closely misses you.
The gnoll sergeant hits you from afar with a +0 spear.
* * * LOW HITPOINT WARNING * * *
Your Dodging skill increases to level 4!
You take 1 damage, and have 7/63 hp.
The air fills with toxic fumes!
As you read the scroll of poison, it crumbles to dust.
The gnoll misses you.
The gnoll sergeant hits you but does no damage.
As you read the scroll of teleportation, it crumbles to dust.
You feel strangely unstable.
The gnoll hits you from afar with a +0 spear.
* * * LOW HITPOINT WARNING * * *
The gnoll sergeant closely misses you.
You take 2 damage, and have 6/63 hp.
You feel better. The gnoll barely misses you.
The gnoll sergeant hits you from afar with a +0 spear!
* * * LOW HITPOINT WARNING * * *
You take 4 damage, and have 2/63 hp.
You feel better.
The gnoll stops glowing.
The gnoll hits you from afar with a +0 spear.
* * * LOW HITPOINT WARNING * * *
The gnoll sergeant closely misses you.
You regained 7 hp, and now have 9/63 hp.
You feel yourself speed up.
Your surroundings suddenly seem different.
A sleepcap and a hound come into view.
The sleepcap releases spores at you.
* * * LOW HITPOINT WARNING * * *
You are engulfed in a cloud of soporific spores!
You fall asleep.
The hound barks!
The sleepcap releases spores at you!!
You die...
Xom thinks this is hilarious!

#...........#..#
##.#......#
#.............#..#
[#......##
#..#...........#..##
.###..#...
#.#######.###..#...#
#.......... ...
#.....###..#............
..
...#####...h###...g^g..
#
.#.....#.##...#.....g..
...####...##.#........g.
......f@...h............
.#.######...####........
##...# #........ ##.#
... #.. #.


You could see a sleepcap and a hound.

Vanquished Creatures
  Menkaure (D:6)
  A water moccasin (D:5)
  An ogre (D:4)
  A phantom (D:5)
  A weeping skull (Ossuary)
  4 scorpions (D:5)
  A burial acolyte (Ossuary)
  A howler monkey (D:5)
  3 jellies
  A bombardier beetle (D:2)
  An orc priest (D:5)
  A hound (D:6)
  An iguana (D:5)
  A sleepcap (D:6)
  2 mummies (Ossuary)
  6 adders
  2 ufetubi (D:5)
  3 ribbon worms
  4 dart slugs
  11 orcs
  7 bats
  13 endoplasms
  2 giant cockroaches
  7 goblins
  4 hobgoblins
  6 ball pythons
  2 frilled lizards (D:3)
  A gnoll zombie (Ossuary)
  A hobgoblin zombie (D:4)
  7 kobolds
  3 kobold zombies (Ossuary)
  4 orc zombies (Ossuary)
  4 rats
108 creatures vanquished.

Vanquished Creatures (collateral kills)
  An endoplasm (D:2)
  A frilled lizard (D:2)
2 creatures vanquished.

Vanquished Creatures (others)
  A ball python (D:4)
1 creature vanquished.

Grand Total: 111 creatures vanquished

Notes
Turn   | Place    | Note
-------+----------+-------------------------------------------
     0 | D:1      | ezpacito the Coglin Chaos Knight began the quest for the
                  | Orb.
     0 | D:1      | Reached XP level 1. HP: 18/18 MP: 1/1
   118 | D:1      | Reached skill level 1 in Dodging
   125 | D:1      | Reached XP level 2. HP: 24/24 MP: 2/2
   374 | D:1      | XOM: silly message
   444 | D:1      | XOM: noise
   561 | D:1      | XOM: god gift: 48 gold pieces
   956 | D:2      | Reached XP level 3. HP: 29/29 MP: 3/3
   994 | D:2      | XOM: summons friendly iron imp
  1066 | D:2      | Reached XP level 4. HP: 35/35 MP: 4/4
  1711 | D:3      | XOM: scenery: summon butterflies
  1757 | D:3      | Reached XP level 5. HP: 42/42 MP: 5/5
  1771 | D:3      | XOM: scenery: create altars
  1835 | D:3      | XOM: noise
  1840 | D:3      | Reached skill level 1 in Stealth
  1849 | D:3      | XOM: silly message
  1904 | D:3      | XOM: silly message
  2226 | D:3      | Reached skill level 1 in Polearms
  2303 | D:3      | XOM: give mutations
  2303 | D:3      | Gained mutation: Your system is resistant to poisons.
                  | (rPois) [Xom's mischief]
  2303 | D:3      | Lost mutation: Your system is resistant to poisons. (rPois)
                  | [Xom's mischief]
  2303 | D:3      | Gained mutation: You expend magic power (3 MP) to
                  | strengthen your wands. [Xom's mischief]
  2303 | D:3      | Gained mutation: You are somewhat resistant to further
                  | mutation. [Xom's mischief]
  2336 | D:4      | XOM: enchant monster (good)
  2450 | D:4      | Found a sand-covered staircase.
  2539 | D:4      | XOM: give mutation
  2539 | D:4      | Gained mutation: You occasionally lose the ability to drink
                  | potions when taking damage. [Xom's mischief]
  2616 | D:4      | Found Vodiaxzi's Jewellery Shop.
  2620 | D:4      | Found Bagiecis's Antique Weapon Shop.
  2621 | D:4      | Found Coasef's Antique Armour Shop.
  2628 | D:4      | Found Astriefio's Jewellery Shop.
  2666 | Ossuary  | Entered an ossuary
  2715 | Ossuary  | XOM: 1-stop teleportation journey
  2729 | Ossuary  | Reached XP level 6. HP: 24/48 MP: 6/6
  2905 | Ossuary  | XOM: swap monsters
  2911 | Ossuary  | XOM: summons 4 hostile demons
  3110 | D:4      | Found a sacrificial altar of Ru.
  3215 | D:5      | Entered Level 5 of the Dungeon
  3227 | D:5      | XOM: chaos cloud
  3231 | D:5      | Reached XP level 7. HP: 52/55 MP: 7/7
  3231 | D:5      | XOM: swap monsters
  3377 | D:5      | Found an iron altar of Okawaru.
  3387 | D:5      | Found a hide-covered altar of Uskayaw.
  3399 | D:5      | Found a runed translucent gate.
  3399 | D:5      | Found a runed translucent gate.
  3400 | D:5      | Found a runed translucent gate.
  3400 | D:5      | Noticed hgbash's ghost (novice DrSh)
  3519 | D:5      | XOM: god gift: Bagagaat's Treatise on Arenous Cryomancy
                  | {god gift}
  3520 | D:5      | Got Bagagaat's Treatise on Arenous Cryomancy {god gift}
  3534 | D:4      | Bought a glowing cloak for 202 gold pieces
  3756 | D:5      | Reached skill level 5 in Fighting
  3756 | D:5      | Reached XP level 8. HP: 62/62 MP: 8/8
  3759 | D:5      | Reached skill level 5 in Axes
  3935 | D:6      | Noticed Menkaure
  3944 | D:6      | Killed Menkaure
  3944 | D:6      | XOM: fake destruction
  3947 | D:6      | HP: 2/63 [gnoll sergeant/+0 spear (11)]
  3953 | D:6      | Demolished by a sleepcap

Illustrated notes

Levels and vault maps discovered:
D:1:      dpeg_arrival_tiny_a, layout_basic, grunt_decor_resistance,
          minmay_bisected
D:2:      layout_rooms, feat_on_display
D:3:      layout_loops_ring, wander_ebering_terrifying_dragon_lair
D:4:      layout_rooms, mainiacjoe_overflow_catwalk, enter_ossuary_3,
          minmay_shop_grid_forest
D:5:      layout_rooms, mainiacjoe_overflow_big_doors, ebering_ghost_rock_garden
D:6:      layout_rooms, elyvilon_altar_3, minmay_temple_entry_drinking_statues,
          uniq_menkaure

Skill      XL: |  1  2  3  4  5  6  7  8 |
---------------+-------------------------+-----
Dodging        | 1 2 3 4 |  4.0
Armour         | 2 3 4 |  4.3
Stealth        | 1 2 |  2.4
Polearms       | 1 2 |  2.4
Fighting       | 4 5 |  5.4
Axes           | 4 5 |  5.2

Action                     |  1- 3 |  4- 6 |  7- 9 || total
---------------------------+-------+-------+-------++-------
  Melee: Hand axe          |    60 |   126 |    47 ||   233
         Dagger            |    54 |    70 |       ||   124
         Flail             |       |    49 |    44 ||    93
    Use: Scroll            |       |    12 |     2 ||    14
         Potion            |       |     7 |     5 ||    12
   Stab: Confused          |     1 |     1 |     1 ||     3
         Sleeping          |       |     2 |     1 ||     3
         Distracted        |       |     1 |       ||     1
         Paralysed         |       |       |     1 ||     1
 Armour: Leather armour    |    36 |   132 |    44 ||   212
  Dodge: Dodged            |    36 |   152 |    43 ||   231

Table legend: (Time is in decaauts)
 A = Elapsed time spent in this place.
 B = Non-inter-level travel time spent in this place.
 C = Inter-level travel time spent in this place.
 D = Time resting spent in this place.
 E = Time spent auto-exploring this place.
 F = Levels seen in this place.
 G = Mean time per level.
                   A        B        C        D        E       F      G
               +--------+--------+--------+--------+--------+-----+--------+
         Total |   3980 |   3851 |    129 |    357 |   2429 |   7 |  568.6 |
       Dungeon |   3631 |   3502 |    129 |    301 |   2330 |   6 |  605.2 |
       Ossuary |    348 |    348 |      0 |     56 |     99 |   1 |  348.0 |
               +--------+--------+--------+--------+--------+-----+--------+

Top non-repeatable levels by time:
     D:1: 948 daAuts
     D:3: 919 daAuts
     D:5: 640 daAuts
     D:4: 578 daAuts
     D:2: 472 daAuts
 Ossuary: 348 daAuts
     D:6: 72 daAuts
